 Dungeon Crawl Stone Soup version 0.20-a0-830-g2c9a30d (webtiles) character file.

241 M4edhros the Insei (level 6, 0/36 HPs)
             Began as an Octopode Necromancer on Mar 7, 2017.
             Killed by divine providence
             ... invoked by an orc priest
              (12 damage)
             ... on level 4 of the Dungeon.
             The game lasted 00:04:54 (1156 turns).

M4edhros the Insei (Octopode Necromancer)           Turns: 1156, Time: 00:04:55

Health: 0/36       AC:  1    Str:  7    XL:     6   Next: 8%
Magic:  9/9        EV: 13    Int: 17    God:
Gold:   92         SH:  0    Dex: 15    Spells: 3/9 levels left

rFire    . . .     SeeInvis .   p - +2 dagger (venom)
rCold    . . .     Gourm    .   (no shield)
rNeg     . . .     Faith    .   (helmet restricted)
rPois    .         Spirit   .   (no amulet)
rElec    .         Reflect  .   (no ring)
rCorr    .         Harm     .   (no ring)
MR       .....                  (no ring)
Stlth    +++.......             (no ring)
Regen    0.2/turn               (no ring)
MPRegen  0.2/turn               (no ring)
                                (no ring)
                                (no ring)

@: no status effects
A: almost no armour, stealthy swim, amphibious, 8 rings, constrict 8, camouflage
1, gelatinous body 1
a: no special abilities


You were on level 4 of the Dungeon.
You were not hungry.

You visited 1 branch of the dungeon, and saw 4 of its levels.

You collected 92 gold pieces.

Inventory:

Hand Weapons
 n - a +0 blowgun
 p - a +2 dagger of venom (weapon)
Missiles
 e - 18 stones (quivered)
 o - 58 poisoned needles
Wands
 q - a wand of digging (9/24)
Scrolls
 d - 2 scrolls of recharging {unknown}
 f - a scroll of amnesia {unknown}
 g - a scroll of enchant armour {unknown}
 h - 2 scrolls of identify {unknown}
 i - 3 scrolls of fog {unknown}
 j - a scroll of magic mapping {unknown}
 k - 2 scrolls of blinking {unknown}
 l - 2 scrolls of teleportation {unknown}
Books
 a - a book of Necromancy

   Spells                             Type                      Level
   a - Pain                           Necromancy                   1
   b - Animate Skeleton               Necromancy                   1
   c - Vampiric Draining              Necromancy                   3
   d - Regeneration                   Charms/Necromancy            3
   e - Animate Dead                   Necromancy                   4
   f - Control Undead                 Necromancy                   4
 m - a book of Cantrips

   Spells                             Type                      Level
   a - Confusing Touch                Hexes                        1
   b - Animate Skeleton               Necromancy                   1
   c - Summon Small Mammal            Summoning                    1
   d - Apportation                    Translocation                1
Comestibles
 b - 2 bread rations
 c - 2 chunks of flesh


   Skills:
 + Level 0.0 Fighting
 + Level 2.0 Dodging
 - Level 2.6 Stealth
 + Level 5.7 Unarmed Combat
 - Level 2.0 Spellcasting
 - Level 4.0 Necromancy


You had 3 spell levels left.
You knew the following spells:

 Your Spells              Type           Power        Failure   Level  Hunger
a - Pain                  Necr           ###.         3%          1    #......
b - Animate Skeleton      Necr           N/A          3%          1    #......
c - Regeneration          Chrm/Necr      #.........   24%         3    ###....
d - Confusing Touch       Hex            #.....       21%         1    #......


Dungeon Overview and Level Annotations

Branches:
Dungeon (4/15)
 Temple: D:4-7

Altars:


Innate Abilities, Weirdness & Mutations

You cannot wear most types of armour.
You are very stealthy in the water. (Stealth+)
You are amphibious.
You can wear up to eight rings at the same time.
You can use your tentacles to constrict eight enemies at once.
Your skin changes colour to match your surroundings (Stealth+).
Your rubbery body absorbs attacks. (AC +1, EV +1)


Message History

Increase (S)trength, (I)ntelligence, or (D)exterity?
You feel agile.
o - 53 poisoned needles (gained 1)
o - 54 poisoned needles (gained 1)
o - 56 poisoned needles (gained 2)
o - 57 poisoned needles (gained 1)
o - 58 poisoned needles (gained 1)
Things that are here:
a robe; a leather armour You see here a ring mail.
You see here a leather armour.
You see here a dagger.
There is a stone staircase leading down here.
You climb downwards.
The gnoll closely misses you.
The orc priest calls down the wrath of Beogh upon you.
Beogh smites you! The frilled lizard bites you. The orc hits you with a mace!
The orc hits you with a dagger.
The orc priest calls down the wrath of Beogh upon you.
Beogh smites you!
You die...

##..........
#.!........###
##............
..........>.#
##....%.....###
...............
......o....#
#....@...#
#....gol...#
#...oog....#
#..g.......#
#.....o....#
l......oo...#
.....g..o..##
#.........##


You could see a gnoll shaman, an iguana (wandering), 4 orc priests, 3 gnolls, 4
orcs and a frilled lizard.

Vanquished Creatures
  A black bear (D:3)
  An orc priest (D:3)
  Terence (D:2)
  An orc wizard (D:3)
  A gnoll (D:3)
  3 adders
  2 dart slugs
  2 orcs (D:3)
  2 giant cockroaches (D:3)
  6 goblins
  4 hobgoblins (D:1)
  2 bats
  4 frilled lizards
  6 kobolds
36 creatures vanquished.

Vanquished Creatures (collateral kills)
  A hobgoblin (D:2)
  A kobold (D:2)
2 creatures vanquished.

Grand Total: 38 creatures vanquished

Notes
Turn   | Place    | Note
-------+----------+-------------------------------------------
     0 | D:1      | M4edhros the Octopode Necromancer began the quest for the Orb.
     0 | D:1      | Reached XP level 1. HP: 11/11 MP: 3/3
     4 | D:1      | Learned a level 1 spell: Animate Skeleton
    20 | D:1      | Reached skill level 1 in Unarmed Combat
   111 | D:1      | Reached XP level 2. HP: 12/17 MP: 5/5
   267 | D:2      | Noticed Terence
   323 | D:2      | Killed Terence
   323 | D:2      | Reached skill level 2 in Unarmed Combat
   323 | D:2      | Reached XP level 3. HP: 7/21 MP: 3/6
   328 | D:2      | Learned a level 3 spell: Regeneration
   443 | D:2      | Reached skill level 3 in Unarmed Combat
   540 | D:2      | Learned a level 1 spell: Confusing Touch
   689 | D:3      | Reached XP level 4. HP: 26/27 MP: 5/7
   717 | D:3      | Reached skill level 4 in Unarmed Combat
   727 | D:3      | Reached XP level 5. HP: 9/31 MP: 2/8
  1007 | D:3      | Noticed a black bear
  1120 | D:3      | Killed a black bear
  1120 | D:3      | Reached skill level 5 in Unarmed Combat
  1120 | D:3      | Reached XP level 6. HP: 35/36 MP: 9/9
  1156 | D:4      | Killed from afar by an orc priest

Vault maps used:
D:1:      minmay_arrival_three_doors
D:2:      uniq_terence
D:3:      grunt_temple_overflow_opulence, first_bread, amethyst_killhole
D:4:      gammafunk_temple_overflow_wave, serial_shops,
          nicolae_shop_overgrown_old_shop, uniq_robin

Skill      XL: |  1  2  3  4  5 |
---------------+----------------+-----
Unarmed Combat | 1 2 3 4 5 |  5.7
Dodging        | |  2.0
Stealth        | |  2.6
Spellcasting   | |  2.0
Necromancy     | |  4.0

Action                   |  1- 3 |  4- 6 || total
-------------------------+-------+-------++-------
Melee: Unarmed           |    30 |     3 ||    33
       Constrict         |     8 |     9 ||    17
       Punch             |     2 |     3 ||     5
       Tentacles         |     1 |     8 ||     9
       Dagger            |       |    32 ||    32
 Fire: Blowgun           |       |     7 ||     7
 Cast: Pain              |    19 |     4 ||    23
       Animate Skeleton  |     9 |     3 ||    12
       Regeneration      |     2 |     4 ||     6
  Use: Potion            |     1 |     1 ||     2
 Stab: Sleeping          |     3 |     3 ||     6
       Distracted        |       |     1 ||     1
  Eat: Chunk             |       |     2 ||     2
Armor: Skin              |     3 |       ||     3
Dodge: Dodged            |    16 |    27 ||    43
